 Dungeon Crawl Stone Soup version 0.28.0 (webtiles) character file.

Game seed: 6749133733423894629

113 fragbeetle the Ducker (level 4, -5/36 HPs)
             Began as a Ghoul Gladiator on Feb 8, 2022.
             Slain by a kobold brigand (7 damage)
             ... in a sewer.
             The game lasted 00:04:12 (2943 turns).

fragbeetle the Ducker (Ghoul Gladiator)             Turns: 2943, Time: 00:04:13

Health: -5/36      AC:  5    Str: 19    XL:     4   Next: 96%
Magic:  3/3        EV: 12    Int:  3    God:
Gold:   100        SH:  0    Dex: 10    Spells: 3/3 levels left

rFire   . . .      SeeInvis .   a - +0 war axe
rCold   + . .      Faith    .   (no shield)
rNeg    + + +      Spirit   .   b - +0 leather armour
rPois   ∞          Reflect  .   c - +0 helmet
rElec   .          Harm     .   (no cloak)
rCorr   .          Rampage  .   (no gloves)
Will    .....                   i - +0 pair of boots
Stlth   +.........              (no amulet)
HPRegen 0.00/turn               (no ring)
MPRegen 0.08/turn               (no ring)

@: inhibited regen
A: claws 1, cold resistance 1, negative energy resistance 3, inhibited
regeneration, torment resistance 2
a: no special abilities


You were in a sewer.
You visited 1 branch of the dungeon, and saw 3 of its levels.
You also visited: Sewer.

You collected 100 gold pieces.

Inventory:

Hand Weapons
 a - a +0 war axe (weapon)
Missiles
 d - 6 throwing nets (quivered)
Armour
 b - a +0 leather armour (worn)
 c - a +0 helmet (worn)
 i - a +0 pair of boots (worn)
Scrolls
 e - 2 scrolls of vulnerability {unknown}
 f - 4 scrolls of identify
 g - 2 scrolls of teleportation
 h - 2 scrolls of enchant armour {unknown}
 j - a scroll of noise {unknown}
Potions
 k - a potion of lignification {unknown}


   Skills:
 - Level 2.1 Fighting
 * Level 4.0 Axes
 - Level 1.7 Throwing
 * Level 4.0 Dodging


You had 3 spell levels left.
You didn't know any spells.
Your spell library contained the following spells:

 Spells                   Type           Power      Damage    Failure   Level
 Conjure Flame            Conj/Fire      0%         6-21      91%         3
 Ignite Poison            Fire/Tmut/Pois 0%         N/A       91%         3
 Sticky Flame             Conj/Fire      0%         2d3       100%        4


Dungeon Overview and Level Annotations

Branches:
Dungeon (3/15)              Sewer (1/1)

Altars:

Shops:
D:1 ?

Annotations:
D:2 Terence


Innate Abilities, Weirdness & Mutations

You thrive by killing the living.
You are immune to poison.
You have sharp fingernails.
Your flesh is cold resistant. (rC+)
You are immune to negative energy. (rN+++)
You do not regenerate when monsters are visible.
You are immune to unholy pain and torment.


Message History

The kobold shoots a bolt.
The bolt hits you.
The kobold brigand throws a curare-tipped dart.
The curare-tipped dart closely misses you.
The kobold shoots a bolt.
The bolt hits you.
The kobold brigand throws a curare-tipped dart.
The curare-tipped dart misses you.
The kobold shoots a bolt.
The bolt misses you.
The kobold shoots a bolt.
The bolt barely misses you.
The kobold brigand throws a curare-tipped dart.
The curare-tipped dart barely misses you.
The kobold shoots a bolt.
The bolt closely misses you.
The kobold brigand throws a curare-tipped dart.
The curare-tipped dart hits you.
You hit the kobold brigand but do no damage.
You closely miss the kobold brigand. You slash the plant!
The plant begins to die.
You closely miss the kobold brigand. You barely miss the kobold brigand.
You hit the plant.
The kobold brigand hits you with a +0 dagger.
The kobold shoots a bolt.
The bolt hits you but does no damage.
The kobold brigand hits you with a +0 short sword.
Unknown command.
You slash the kobold brigand!
The kobold brigand is moderately wounded.
You hit the kobold brigand. You hit the plant. The kobold brigand misses you.
The kobold shoots a bolt.
The bolt closely misses you. The kobold brigand barely misses you.
The kobold brigand hits you with a +0 dagger.
The kobold shoots a bolt.
The bolt barely misses you.
You hit the kobold brigand.
The kobold brigand is heavily wounded.
You hit the plant. You hit the kobold brigand.
A nearby plant withers and dies.
The kobold brigand hits you with a +0 short sword.
* * * LOW HITPOINT WARNING * * *
The kobold brigand hits you with a +0 dagger.
* * * LOW HITPOINT WARNING * * *
The kobold shoots a bolt.
The bolt hits you.
* * * LOW HITPOINT WARNING * * *
The kobold brigand hits you with a +0 short sword!
You die...

#### #?.?.#
#.∩..# #....#
#.?.. ##''##
#≈K..###
#≈≈K...#
#K@≈...##
#.......#
#P......#
#≈......#
#≈≈≈....##
≈#≈≈≈.....#
≈≈≈≈≈..††.##
≈#P≈.......#
≈≈#≈≈......##


You could see 2 kobold brigands and a kobold.

Vanquished Creatures
  4 gnolls
  A river rat (D:3)
  2 worms (D:3)
  A dart slug (D:3)
  2 orcs
  5 ball pythons
  2 bats (D:2)
  2 endoplasms
  3 giant cockroaches
  7 hobgoblins
  3 quokkas
  8 frilled lizards
  4 goblins
  10 kobolds
  2 rats
56 creatures vanquished.

Vanquished Creatures (others)
  A fungus (Sewer)
  11 plants
12 creatures vanquished.

Grand Total: 68 creatures vanquished

Notes
Turn   | Place    | Note
-------+----------+-------------------------------------------
     0 | D:1      | fragbeetle the Ghoul Gladiator began the quest for the Orb.
     0 | D:1      | Reached XP level 1. HP: 17/17 MP: 0/0
   114 | D:1      | Found Xoreuj's Magic Scroll Boutique.
   149 | D:1      | Reached XP level 2. HP: 13/24 MP: 1/1
   729 | D:1      | Reached XP level 3. HP: 29/29 MP: 2/2
  1908 | D:2      | Reached XP level 4. HP: 26/36 MP: 3/3
  2318 | D:2      | Found a faded altar of an unknown god.
  2439 | D:2      | Noticed Terence
  2651 | D:3      | Found a glowing drain.
  2801 | Sewer    | Entered a sewer
  2931 | Sewer    | Noticed a kobold brigand
  2931 | Sewer    | Noticed a kobold brigand
  2943 | Sewer    | Slain by a kobold brigand

Illustrated notes

Levels and vault maps discovered:
D:1:      sevenhm_arrival_forest_fort_large_2, layout_basic, serial_shops, shop,
          lexackson_kobold_supper
D:2:      layout_loops_corners, shapermc_ecumenical_altar_notcrosses,
          grunt_decor_fettered, uniq_natasha, uniq_terence
D:3:      layout_basic, cheibrodos_sewer_entry_sluice, uniq_robin
Sewer:    kennysheep_pipe_town

Skill      XL: |  1  2  3  4 |
---------------+-------------+-----
Axes           | 3 4 |  4.0
Dodging        | 3 4 |  4.0
Fighting       | |  2.1
Throwing       | |  1.7

Action                   |  1- 3 |  4- 6 || total
-------------------------+-------+-------++-------
Melee: War axe           |    91 |    90 ||   181
       Punch             |     1 |     2 ||     3
  Use: Scroll            |       |     1 ||     1
Armor: Leather armour    |    23 |    33 ||    56
Dodge: Dodged            |    76 |    73 ||   149
